 Dungeon Crawl Stone Soup version 0.31.0-11-ge490571c62 (webtiles) character file.

Game seed: 5415545050366993124

96 qw the Shooter (level 4, 0/25 HPs)
             Began as a Deep Elf Hunter on Feb 3, 2024.
             Frozen to death by an endoplasm (4 damage)
             ... on level 2 of the Dungeon.
             The game lasted 00:00:04 (1122 turns).

qw the Shooter (Deep Elf Hunter)                    Turns: 1122, Time: 00:00:04

Health: 0/25       AC:  7    Str: 10    XL:     4   Next: 41%
Magic:  6/6        EV: 11    Int: 14    God:
Gold:   30         SH:  0    Dex: 18    Spells: 3/3 levels left

rFire   . . .        a - +0 shortbow
rCold   . . .        (shield currently unavailable)
rNeg    . . .        m - +0 ring mail
rPois   .            k - +1 helmet
rElec   .            (no cloak)
rCorr   .            (no gloves)
SInv    .            (no boots)
Will    .....        (no amulet)
Stlth   +            (no ring)
HPRegen 0.24/turn    (no ring)
MPRegen 0.10/turn

%: no passive effects
@: no status effects
A: no striking features
a: no special abilities


You were on level 2 of the Dungeon.
You visited 1 branch of the dungeon, and saw 2 of its levels.

You collected 30 gold pieces.


   Skills:
 - Level 1.5 Fighting
 + Level 7.8 Ranged Weapons
 - Level 2.4 Dodging
 - Level 1.2 Stealth


You had 3 spell levels left.
You didn't know any spells.
Your spell library was empty.

Inventory:

Hand Weapons
 a - a +0 shortbow (weapon)
Armour
 k - a +1 helmet (worn)
 m - a +0 ring mail (worn)
Scrolls
 b - a scroll of blinking {unknown}
 e - a scroll of identify {unknown}
Potions
 c - a potion of heal wounds {unknown}
 d - a potion of ambrosia {unknown}
 i - a potion of curing {unknown}
 n - a potion of attraction {unknown}

Dungeon Overview and Level Annotations

Branches:
Dungeon (2/15)

Altars:


Message History

An endoplasm comes into view.
Terence closely misses you. The goblin barely misses you.
You shoot an arrow.
The arrow hits Terence but does no damage.
Terence is lightly wounded.
Terence zaps a wand.
The puff of flame hits you. The goblin hits you with a +0 dagger.
You shoot an arrow. The arrow hits Terence.
Terence is lightly wounded.
The goblin hits you but does no damage. Terence hits you with a +0 short sword.
The goblin hits you but does no damage.
You shoot an arrow.
The arrow hits Terence but does no damage.
Terence is lightly wounded.
The goblin hits you but does no damage. Terence hits you with a +0 short sword.
The goblin misses you.
You shoot an arrow. The arrow hits Terence.
Terence is moderately wounded.
The goblin barely misses you. Terence hits you with a +0 short sword.
The goblin hits you but does no damage.
You shoot an arrow. The arrow closely misses Terence.
The goblin barely misses you. Terence hits you but does no damage.
The goblin hits you but does no damage. x2; Terence closely misses you.
The goblin hits you but does no damage.
You shoot an arrow. The arrow hits Terence!
Terence is severely wounded.
The goblin hits you but does no damage.
The endoplasm hits you but does no damage.
Terence zaps a wand.
The puff of flame misses you. The goblin hits you with a +0 dagger.
You shoot an arrow. The arrow hits Terence!
You kill Terence!
The goblin hits you with a +0 club.
The endoplasm hits you but does no damage.
The goblin barely misses you.
You shoot an arrow. The arrow barely misses the goblin.
The goblin closely misses you. The endoplasm freezes you.
You are frozen.
You die...

...............#
..#............######
##......###.#.......#
.....:..# #.#.#####.#
..#####.# #.#..# . ...#
.....#.##.# ...
#..#...##.#..#.#####....
#.......#........)......
.)..............@g.##..
.......##.#####.gJ...)..
...###... ##...##...
...## ##. ##..# .. ....#
...# ....#### ....#
.......# #.... .....#.
#.... .##....#


You could see an endoplasm and 2 goblins.

Vanquished Creatures
  Terence (D:2)
  3 adders
  3 dart slugs
  7 ball pythons
  4 endoplasms
  6 goblins
  6 hobgoblins
  2 jackals (D:1)
  3 kobolds (D:1)
  A quokka (D:2)
  2 bats
  2 frilled lizards (D:1)
  A rat (D:1)
41 creatures vanquished.

Notes
Turn   | Place    | Note
-------+----------+-------------------------------------------
     0 | D:1      | qw the Deep Elf Hunter began the quest for the Orb.
     0 | D:1      | Reached XP level 1. HP: 12/12 MP: 3/3
     0 | D:1      | 0 ||| qw: Version: 0.3-a-155-g5e7d8dd
     0 | D:1      | 0 ||| qw: Game counter: 3481
     0 | D:1      | 0 ||| qw: Melee chars always use a shield: true
     0 | D:1      | 0 ||| qw: God list: Okawaru
     0 | D:1      | 0 ||| qw: Allow faded altars: false
     0 | D:1      | 0 ||| qw: Do Orc after clearing Dungeon:15 true
     0 | D:1      | 0 ||| qw: Do second Lair branch before Depths: true
     0 | D:1      | 0 ||| qw: Lair rune preference: random
     0 | D:1      | 0 ||| qw: Goals: Normal
     0 | D:1      | 0 ||| PLANNING D:1-11
    81 | D:1      | Reached skill level 6 in Ranged Weapons
    81 | D:1      | Reached XP level 2. HP: 16/16 MP: 4/4
   245 | D:1      | Found a faded altar of an unknown god.
   465 | D:1      | Reached XP level 3. HP: 20/20 MP: 5/5
   744 | D:1      | 744 ||| UPGRADING to +0 helmet.
   749 | D:1      | 749 ||| UPGRADING to +0 ring mail.
   759 | D:1      | 759 ||| DROPPING +0 leather armour.
   760 | D:1      | 760 ||| READING scroll labelled NUIGEXK MUVIMI.
   861 | D:1      | 861 ||| READING scroll labelled WINEUL JYESU.
   862 | D:1      | 862 ||| READING scroll labelled OMNATA TOYH.
   862 | D:1      | 862 ||| ENCHANTING +0 helmet.
   863 | D:1      | 863 ||| READING scroll labelled FINEDW PAULEFA.
   864 | D:1      | 864 ||| READING scroll labelled EJETOA XIAGH.
   865 | D:1      | 865 ||| READING scroll labelled VUFUIS DUTT.
   866 | D:1      | 866 ||| READING scroll labelled KUCHAU XESTRA.
   867 | D:1      | 867 ||| READING scroll labelled CYSIUTE LOUDYM.
   868 | D:1      | 868 ||| DROPPING scroll of butterflies.
   920 | D:2      | 920 ||| STAIRDANCE
   942 | D:2      | Reached skill level 7 in Ranged Weapons
  1056 | D:2      | Reached XP level 4. HP: 25/25 MP: 6/6
  1103 | D:2      | Noticed Terence
  1121 | D:2      | Killed Terence
  1121 | D:2      | HP: 3/25 [goblin/+0 club (4)]
  1122 | D:2      | Frozen to death by an endoplasm

Levels and vault maps discovered:
D:1:      dpeg_arrival_houses_and_road, layout_basic,
          hellmonk_ecumenical_altar_dog_temple, roderic_nine_men_s_morris,
          patterned_corridor
D:2:      layout_rooms, minivault_25, uniq_terence

Skill      XL: |  1  2  3 |
---------------+----------+-----
Ranged Weapons | 6 7 |  7.8
Fighting       | |  1.5
Dodging        | |  2.4
Stealth        | |  1.2

Action                     |  1- 3 |  4- 6 || total
---------------------------+-------+-------++-------
   Fire: Shortbow          |    85 |    24 ||   109
    Use: Scroll            |     8 |       ||     8
 Armour: Leather armour    |     4 |       ||     4
         Ring mail         |     6 |    22 ||    28
  Dodge: Dodged            |    16 |    21 ||    37

Table legend:
 A = Non-vault XP
 B = Vault XP
 C = Vault XP percentage of total XP
 D = Non-vault monster count
 E = Vault monster count
 F = Vault count percentage of total count
                 A         B        C        D         E       F
            +---------+---------+-------+---------+---------+-------
      Total |      98 |      40 |  29.0 |      38 |       3 |   7.3
            +---------+---------+-------+---------+---------+-------
        D:1 |      46 |       4 |   8.0 |      22 |       2 |   8.3
        D:2 |      52 |      36 |  40.9 |      16 |       1 |   5.9
            +---------+---------+-------+---------+---------+-------
